[Event "Titled Tuesday Blitz April 11 Late 2023"]
[White "Mordechai, Hanan"]
[Black "Adewumi, Tanitoluwa"]
[WhiteFideId "2804166"]
[BlackFideId "30966396"]
[WhiteElo "2324"]
[BlackElo "2283"]
[Result "0-1"]
[Round "08"]
[TimeControl "180+2"]
[Date "2023.04.11"]
[WhiteClock "0:00:16"]
[BlackClock "0:00:10"]

1. e4 c5 2. Nf3 e6 3. d4 cxd4 4. Nxd4 Nc6 5. Nc3 Qc7 6. Be3 a6 7. Qd2 Nf6 8. f3 d5 9. exd5 exd5 10. O-O-O Bd6 11. Kb1 O-O 12. g4 Be6 13. g5 Nh5 14. Nxe6 fxe6 15. Nxd5 exd5 16. Qxd5+ Rf7 17. Qxd6 Rd8 18. Qxc7 Rxd1+ 19. Bc1 Rxc1+ 20. Kxc1 Rxc7 21. Bc4+ Kf8 22. Rd1 Ne5 23. Bd5 Nf4 24. Be4 g6 25. Rd8+ Ke7 26. Rb8 Nfd3+ 27. Kb1 Nc5 28. Bd5 b5 29. f4 Rd7 30. b4 Rxd5 31. bxc5 Nc4 32. Rb7+ Ke6 33. Kc1 Rxc5 34. Rxh7 Na3 35. Rg7 Rxc2+ 36. Kd1 Rxa2 37. Rxg6+ Ke7 38. h4 b4 39. Rb6 a5 40. h5 Nc4 41. Rb7+ Ke6 42. h6 Rh2 43. h7 Ne3+ 44. Kc1 Nf5 45. g6 Kf6 46. Rb6+ Kg7 47. Rb5 Kxg6 48. Rxa5 Rxh7 49. Rb5 Rh1+ 50. Kb2 Rh2+ 51. Kb3 Nd4+ 0-1


[Site "https://www.chess.com"]

[Event "Titled Tuesday Blitz April 11 Late 2023"]
[White "Spitzl, Vinzent"]
[Black "Poliakova, Varvara"]
[WhiteFideId "12901253"]
[BlackFideId "13518313"]
[WhiteElo "2225"]
[BlackElo "2075"]
[Result "1/2-1/2"]
[Round "08"]
[TimeControl "180+2"]
[Date "2023.04.11"]
[WhiteClock "0:00:15"]
[BlackClock "0:00:59"]

1. e4 e5 2. Nf3 Nc6 3. Bc4 Bc5 4. d3 Nf6 5. O-O d6 6. c3 a6 7. h3 Ba7 8. a4 h6 9. Re1 O-O 10. Be3 Bxe3 11. Rxe3 d5 12. exd5 Nxd5 13. Bxd5 Qxd5 14. d4 Rd8 15. Na3 exd4 16. Nxd4 Nxd4 17. Qxd4 Qxd4 18. cxd4 Be6 19. Nc2 Rd5 20. b4 a5 21. b5 Rc8 22. Rc3 c6 23. bxc6 Rxc6 24. Rxc6 bxc6 25. Rb1 Bf5 26. Rb8+ Kh7 27. Ne3 Rxd4 28. Nxf5 Rxa4 29. Rc8 Rc4 30. Nd6 Rc1+ 31. Kh2 a4 32. Ra8 Ra1 33. Nc4 h5 34. Kg3 g5 35. Kf3 f5 36. Ra6 Ra2 37. Rxc6 g4+ 38. hxg4 hxg4+ 39. Kg3 Rc2 40. Ne5 Rxc6 41. Nxc6 Kg6 42. Kf4 Kf6 43. Nb4 a3 44. f3 gxf3 45. gxf3 Ke6 46. Kg5 Ke5 47. f4+ Ke4 48. Na2 Kd3 49. Kxf5 Kc2 50. Ke4 Kb2 51. Nb4 Kc3 52. Na2+ Kb2 53. Nb4 Kc3 54. Na2+ Kb2 1/2-1/2


[Site "https://www.chess.com"]

[Event "Titled Tuesday Blitz April 11 Late 2023"]
[White "Mamedov, Edgar"]
[Black "Carrasco Miranda, Andres"]
[WhiteFideId "13739980"]
[BlackFideId "3405990"]
[WhiteElo "2330"]
[BlackElo "2183"]
[Result "1-0"]
[Round "08"]
[TimeControl "180+2"]
[Date "2023.04.11"]
[WhiteClock "0:01:10"]
[BlackClock "0:00:12"]

1. d4 Nf6 2. Nf3 g6 3. Nbd2 d5 4. b3 Bg7 5. Bb2 O-O 6. e3 a5 7. a4 Bf5 8. Be2 c6 9. O-O Ne4 10. Nxe4 Bxe4 11. Bd3 Bxd3 12. Qxd3 Qb6 13. e4 Qa6 14. Qxa6 Nxa6 15. e5 Nb4 16. c3 Nd3 17. Ba3 Rfe8 18. g3 b5 19. Rad1 b4 20. Rxd3 bxa3 21. Ra1 f6 22. exf6 Bxf6 23. Rxa3 e5 24. dxe5 Bxe5 25. c4 Bd6 26. Ra2 Bb4 27. cxd5 cxd5 28. Rxd5 Rac8 29. Kg2 Rc3 30. Rb2 Rf8 31. Ng5 Bc5 32. Ne4 1-0


[Site "https://www.chess.com"]

[Event "Titled Tuesday Blitz April 11 Late 2023"]
[White "Korkmaz, Necmettin"]
[Black "Sliwicki, Damian"]
[WhiteFideId "6303285"]
[BlackFideId "1127128"]
[WhiteElo "2097"]
[BlackElo "2030"]
[Result "0-1"]
[Round "08"]
[TimeControl "180+2"]
[Date "2023.04.11"]
[WhiteClock "0:00:13"]
[BlackClock "0:00:05"]

1. e4 e5 2. Nf3 Nc6 3. Bc4 Nf6 4. d4 exd4 5. e5 d5 6. Bb5 Nd7 7. O-O Bc5 8. Re1 O-O 9. Bg5 Be7 10. Bf4 Nc5 11. Bxc6 bxc6 12. Nxd4 Bb7 13. Nd2 Ne6 14. Nxe6 fxe6 15. Qg4 Qd7 16. Nf3 c5 17. Rad1 d4 18. Ng5 Rf5 19. Ne4 Raf8 20. Bg3 Qd5 21. f3 Kh8 22. b3 c4 23. Nf2 c5 24. c3 cxb3 25. axb3 Qxb3 26. cxd4 Rg5 27. Qh3 cxd4 28. Rb1 Qd5 29. Ne4 Rg6 30. Red1 d3 31. Nf2 d2 32. Rb2 Bg5 33. f4 Bxf4 34. Bxf4 Rxg2+ 35. Kf1 Rxf4 36. Rbxd2 Rgxf2+ 37. Ke1 Qh1+ 0-1


[Site "https://www.chess.com"]

[Event "Titled Tuesday Blitz April 11 Late 2023"]
[White "Gallegos Diaz, Carlos Alberto"]
[Black "Pasti, Aron"]
[WhiteFideId "3900886"]
[BlackFideId "785857"]
[WhiteElo "2362"]
[BlackElo "2173"]
[Result "1-0"]
[Round "08"]
[TimeControl "180+2"]
[Date "2023.04.11"]
[WhiteClock "0:00:57"]
[BlackClock "0:00:53"]

1. e4 c5 2. Nf3 e6 3. d3 Nc6 4. Nbd2 g6 5. Be2 Bg7 6. O-O Nge7 7. c3 d5 8. Re1 O-O 9. Bf1 b6 10. exd5 Nxd5 11. Nc4 Bb7 12. a4 a6 13. Qb3 Qc7 14. Bg5 h6 15. Bh4 e5 16. Bg3 Rfe8 17. Rad1 Rab8 18. d4 cxd4 19. cxd4 b5 20. axb5 axb5 21. Ncxe5 Nxe5 22. dxe5 Rbd8 23. e6 Qe7 24. Bxb5 Rf8 25. exf7+ Qxf7 26. Bc4 Kh7 27. Ne5 Bxe5 28. Rxe5 Ne3 29. Bxf7 Rxd1+ 30. Qxd1 Nxd1 31. Re7 1-0


[Site "https://www.chess.com"]

[Event "Titled Tuesday Blitz April 11 Late 2023"]
[White "Womacka, Mathias"]
[Black "Alimpic, Aleksa"]
[WhiteFideId "4611390"]
[BlackFideId "974323"]
[WhiteElo "2377"]
[BlackElo "2273"]
[Result "0-1"]
[Round "08"]
[TimeControl "180+2"]
[Date "2023.04.11"]
[WhiteClock "0:00:03"]
[BlackClock "0:00:12"]

1. e4 g6 2. d4 Bg7 3. Nc3 a6 4. f4 d5 5. Nxd5 e6 6. Ne3 Qxd4 7. Qxd4 Bxd4 8. Nf3 Bg7 9. e5 Ne7 10. Bd3 O-O 11. Bd2 b6 12. Be4 Ra7 13. Bb4 c5 14. Bc3 Rd8 15. O-O Bb7 16. Bxb7 Rxb7 17. Nc4 Nd5 18. Rad1 Rbd7 19. Ng5 b5 20. Na5 Nxc3 21. Rxd7 Rxd7 22. bxc3 c4 23. Ne4 Bf8 24. Nf6+ Kg7 25. Nxd7 Nxd7 26. Rd1 Bc5+ 27. Kf1 Nb6 28. Nb7 Be3 29. g3 Nd5 30. Re1 Bb6 31. Nd6 Nxc3 32. Nc8 Bc5 33. Kg2 Nd5 34. Kf3 Nb4 35. c3 Nxa2 36. Ra1 Nxc3 37. Rxa6 Nd5 38. Nd6 c3 0-1


[Site "https://www.chess.com"]

[Event "Titled Tuesday Blitz April 11 Late 2023"]
[White "Seletsky, Grigory"]
[Black "Vovk, Orest"]
[WhiteFideId "14112191"]
[BlackFideId "14113490"]
[WhiteElo "2490"]
[BlackElo "2215"]
[Result "1-0"]
[Round "08"]
[TimeControl "180+2"]
[Date "2023.04.11"]
[WhiteClock "0:00:06"]
[BlackClock "0:00:03"]

1. e4 g5 2. d3 g4 3. c3 d5 4. Nd2 Nf6 5. h3 dxe4 6. dxe4 g3 7. fxg3 Nc6 8. Bb5 Qd6 9. Ne2 Bd7 10. O-O Qc5+ 11. Nd4 Nxd4 12. Bxd7+ Nxd7 13. cxd4 Qxd4+ 14. Kh1 O-O-O 15. Rxf7 Ne5 16. Rf1 Bh6 17. Qh5 Bxd2 18. Bxd2 Qxd2 19. Qxe5 Rhg8 20. Rac1 c6 21. Kh2 Rd7 22. Rcd1 Qh6 23. Rxd7 Kxd7 24. Rd1+ Kc8 25. Qf5+ e6 26. Qf4 Qg6 27. g4 Qe8 28. Qd6 Rg7 29. e5 Rd7 30. Qxd7+ Qxd7 31. Rxd7 Kxd7 32. h4 c5 33. h5 h6 34. g5 Ke7 35. g6 b5 36. Kg3 c4 37. a3 a5 38. Kf3 b4 39. axb4 axb4 40. Ke4 c3 41. bxc3 b3 42. Kd3 Kf8 43. Kd2 b2 44. Kc2 b1=B+ 45. Kxb1 1-0


[Site "https://www.chess.com"]

[Event "Titled Tuesday Blitz April 11 Late 2023"]
[White "Buchenau, Frank"]
[Black "Prydun, Andriy"]
[WhiteFideId "4604350"]
[BlackFideId "14145898"]
[WhiteElo "2157"]
[BlackElo "2164"]
[Result "0-1"]
[Round "08"]
[TimeControl "180+2"]
[Date "2023.04.11"]
[WhiteClock "0:01:25"]
[BlackClock "0:00:25"]

1. e4 Nf6 2. e5 Nd5 3. d4 d6 4. Nf3 dxe5 5. Nxe5 c6 6. c4 Nf6 7. Nc3 Bf5 8. Be2 Nbd7 9. Bf4 Nxe5 10. Bxe5 e6 11. g4 Bg6 12. h4 h6 13. h5 Bh7 14. Qb3 Qb6 15. Qxb6 axb6 16. Bc7 Nd7 17. d5 exd5 18. cxd5 Bb4 19. Bf3 O-O 20. dxc6 bxc6 21. O-O Rac8 22. Bf4 Rfe8 23. Rfe1 Nf6 24. Rxe8+ Nxe8 25. Rc1 Nd6 26. Nd5 cxd5 0-1


[Site "https://www.chess.com"]

[Event "Titled Tuesday Blitz April 11 Late 2023"]
[White "Skaric, Djuro"]
[Black "Ladan, Nicholas"]
[WhiteFideId "934569"]
[BlackFideId "30918855"]
[WhiteElo "2282"]
[BlackElo "2167"]
[Result "1-0"]
[Round "08"]
[TimeControl "180+2"]
[Date "2023.04.11"]
[WhiteClock "0:00:59"]
[BlackClock "0:00:07"]

1. g3 d5 2. Bg2 Bg4 3. Nf3 Nd7 4. h3 Bxf3 5. Bxf3 c6 6. Bg2 e5 7. d3 Bd6 8. O-O Ngf6 9. Nc3 O-O 10. e4 Nb6 11. f4 exf4 12. gxf4 dxe4 13. dxe4 Bc5+ 14. Kh2 Nc4 15. e5 Nd7 16. Qf3 Qe7 17. b3 Ncb6 18. Ne4 f6 19. Nxc5 Nxc5 20. Ba3 Nbd7 21. Rae1 fxe5 22. Qe3 Rae8 23. fxe5 Rxf1 24. Bxf1 b6 25. e6 Qxe6 26. Bc4 Kf7 27. Bxc5 Nxc5 28. Rf1+ Kg6 29. Qg3+ Kh6 30. Bxe6 Rxe6 31. Qf4+ Kh5 32. Qg4+ Kh6 33. Rg1 g6 34. Qf4+ Kg7 35. Rf1 Re2+ 36. Kh1 Ne6 37. Qf6+ Kh6 38. Qh4+ Kg7 39. Qe7+ Kh6 40. Rf6 Re1+ 41. Kh2 Re2+ 42. Kg1 Nd4 43. Qf8+ Kg5 44. h4+ Kg4 45. Rf4+ Kg3 46. Rxd4 Re1+ 47. Qf1 Rxf1+ 48. Kxf1 c5 49. Rc4 h6 50. a4 a5 51. Ke2 g5 52. hxg5 hxg5 53. Rc3+ Kf4 54. Kf2 Ke4 55. Kg3 Kd4 56. Rd3+ Ke4 57. Kg4 c4 58. bxc4 Ke5 59. Kxg5 Ke4 60. Kf6 b5 61. cxb5 Kf4 62. Ke7 Ke5 63. Kd8 Ke4 64. Kc7 Ke5 65. Kb8 Ke4 1-0


[Site "https://www.chess.com"]

[Event "Titled Tuesday Blitz April 11 Late 2023"]
[White "Rodriguez Santiago, Jaime"]
[Black "Gonzalez, Francisco Silva"]
[WhiteFideId "3100898"]
[BlackFideId "1512285"]
[WhiteElo "2025"]
[BlackElo "2074"]
[Result "0-1"]
[Round "08"]
[TimeControl "180+2"]
[Date "2023.04.11"]
[WhiteClock "0:00:17"]
[BlackClock "0:00:25"]

1. c4 e6 2. Nf3 d5 3. g3 a6 4. Bg2 dxc4 5. Ne5 Qd4 6. Nf3 Qd8 7. Ne5 Qd4 8. Nf3 Qa7 9. a4 Nc6 10. O-O e5 11. b3 cxb3 12. Qxb3 Be6 13. Qb2 Bd6 14. Nc3 Nf6 15. d3 h6 16. Rb1 Rb8 17. Bd2 O-O 18. h3 Rfe8 19. Rfc1 Nd4 20. Nxd4 exd4 21. Ne4 Nxe4 22. Bxe4 Bxh3 23. Rc4 c5 24. a5 Be6 25. Rcc1 Re7 26. Qc2 Rd8 27. Rb6 Qa8 28. Rcb1 Bc8 29. Bd5 Bc7 30. Qxc5 Rxd5 31. Qxe7 Bxb6 32. axb6 Be6 33. Rc1 Rd7 34. Qc5 Qd8 35. Bf4 Kh7 36. Bc7 Qa8 37. f4 g6 38. Ra1 Qe8 39. Kf2 Rd5 40. Qc1 Qd7 41. Ra2 a5 42. Rc2 Bg4 43. Be5 Rxe5 44. fxe5 Qe6 45. Qf4 a4 46. Qf6 a3 47. Qxe6 Bxe6 48. Rc1 a2 49. Ra1 h5 50. e3 dxe3+ 51. Kxe3 g5 52. d4 Bd5 53. Kf2 Kg6 54. Ke3 Kf5 55. Kd3 Kg4 56. Kc3 Kxg3 57. Kb2 h4 58. Rxa2 Bxa2 59. Kxa2 h3 60. d5 h2 61. d6 h1=Q 62. d7 Qd5+ 63. Kb2 Qxd7 0-1


[Site "https://www.chess.com"]

[Event "Titled Tuesday Blitz April 11 Late 2023"]
[White "Gurevich, Dmitry"]
[Black "Sarkar, Justin"]
[WhiteFideId "2000407"]
[BlackFideId "2010011"]
[WhiteElo "2506"]
[BlackElo "2189"]
[Result "1-0"]
[Round "08"]
[TimeControl "180+2"]
[Date "2023.04.11"]
[WhiteClock "0:00:08"]
[BlackClock "0:00:01"]

1. d4 d5 2. c4 dxc4 3. e4 Nc6 4. Be3 Nf6 5. Nc3 e5 6. d5 Na5 7. Qa4+ c6 8. dxc6 Nxc6 9. Bxc4 Bb4 10. Ne2 Nxe4 11. Bb5 Bd7 12. Bxc6 Bxc3+ 13. Nxc3 Bxc6 14. Qa3 Nxc3 15. bxc3 Qd5 16. f3 f6 17. O-O Kf7 18. Rfd1 Qc4 19. Qb3 Qxb3 20. axb3 a6 21. Bb6 Rhe8 22. c4 Re7 23. Kf2 Rc8 24. Rd6 Rd7 25. Rxd7+ Bxd7 26. Ke3 Be6 27. Rd1 Rc6 28. c5 Ke7 29. b4 Rc8 30. g4 Bd7 31. f4 Bc6 32. Rd6 exf4+ 33. Kxf4 Re8 34. h4 Kf7 35. Rd4 Re7 36. g5 Rd7 37. Rc4 Rd5 38. gxf6 Kxf6 39. Bc7 Rd3 40. Be5+ Kf7 41. Rc1 Bd5 42. Rg1 Rf3+ 43. Kg4 Rf2 44. Rd1 Be6+ 45. Kg3 1-0


[Site "https://www.chess.com"]

[Event "Titled Tuesday Blitz April 11 Late 2023"]
[White "Kovalevsky, Stanislav"]
[Black "Prieto Aranguren, Alain"]
[WhiteFideId "13508598"]
[BlackFideId "2268906"]
[WhiteElo "2174"]
[BlackElo "2209"]
[Result "1-0"]
[Round "08"]
[TimeControl "180+2"]
[Date "2023.04.11"]
[WhiteClock "0:00:17"]
[BlackClock "0:00:01"]

1. c4 g6 2. Nc3 Bg7 3. g3 e5 4. Bg2 Nf6 5. b4 O-O 6. Bb2 c6 7. e3 d5 8. cxd5 cxd5 9. Nge2 d4 10. Ne4 Nxe4 11. Bxe4 Bh3 12. Bxb7 Nd7 13. Qb3 Rb8 14. Bd5 Nc5 15. Qc4 Rxb4 16. Qxc5 Rxb2 17. Bb3 dxe3 18. Qxe3 e4 19. Rd1 Bg2 20. Rg1 Bf3 21. g4 Qc7 22. Rg3 a5 23. Rc1 Qd7 24. Ng1 Bd4 25. Qf4 Re8 26. Nxf3 exf3+ 27. Kf1 Qb5+ 28. Kg1 Rxb3 29. axb3 Re2 30. Rxf3 a4 31. Qxf7+ Kh8 32. Qf8# 1-0


[Site "https://www.chess.com"]

[Event "Titled Tuesday Blitz April 11 Late 2023"]
[White "Bas Mas, Jose Joaquin"]
[Black "Moreira, Ronaldo Alonso"]
[WhiteFideId "22219064"]
[BlackFideId "2110547"]
[WhiteElo "2233"]
[BlackElo "2037"]
[Result "1-0"]
[Round "08"]
[TimeControl "180+2"]
[Date "2023.04.11"]
[WhiteClock "0:00:13"]
[BlackClock "0:00:01"]

1. e4 e6 2. d4 d5 3. e5 c5 4. c3 Nc6 5. Nf3 Qb6 6. Bd3 cxd4 7. O-O Bd7 8. Re1 Rc8 9. a3 Be7 10. b4 dxc3 11. Nxc3 Nxb4 12. Na4 Bxa4 13. Qxa4+ Nc6 14. Be3 Bc5 15. Rab1 Qa5 16. Qxa5 Nxa5 17. Bd2 Bb6 18. Rb5 Nc6 19. a4 Rb8 20. a5 Bc7 21. Rc1 Nge7 22. Bg5 Kd7 23. a6 bxa6 24. Rbc5 Bb6 25. R5c3 Rhc8 26. Bxa6 Rc7 27. Bb5 Bxf2+ 28. Kxf2 Rxb5 29. Bxe7 Rb2+ 30. Kg3 Kxe7 31. Rxc6 Rxc6 32. Rxc6 a5 33. Rc7+ Ke8 34. Nd4 1-0


[Site "https://www.chess.com"]

[Event "Titled Tuesday Blitz April 11 Late 2023"]
[White "Davidson, Kevin"]
[Black "Osmonbekov, Talaibek"]
[WhiteFideId "2056810"]
[BlackFideId "2017253"]
[WhiteElo "2151"]
[BlackElo "2135"]
[Result "1-0"]
[Round "08"]
[TimeControl "180+2"]
[Date "2023.04.11"]
[WhiteClock "0:00:01"]
[BlackClock "0:00:01"]

1. e4 c5 2. Nf3 d6 3. d4 cxd4 4. Nxd4 Nf6 5. Nc3 g6 6. Be3 Bg7 7. f3 O-O 8. Qd2 Nc6 9. O-O-O d5 10. Qe1 e5 11. Nxc6 bxc6 12. exd5 Nxd5 13. Bc4 Be6 14. Ne4 Qc7 15. Bc5 Rfd8 16. g4 h6 17. h4 Rab8 18. h5 f5 19. gxf5 gxf5 20. Nc3 Nf4 21. Bxe6+ Nxe6 22. Ba3 Rxd1+ 23. Qxd1 Nd4 24. Rg1 Kh7 25. Qd3 Rd8 26. Qe3 Qf7 27. b3 Bf6 28. Bb2 Bg5 29. Rxg5 hxg5 30. Qxg5 Rg8 31. Qe3 Qf6 32. Kb1 Rg2 33. Na4 Nxc2 34. Qxa7+ Rg7 35. Qc5 Nd4 36. Nb6 Rg1+ 37. Bc1 Ne2 38. Nc4 Rxc1+ 39. Kb2 e4+ 40. Ka3 exf3 41. Qe3 Rc3 42. Qa7+ Kh6 43. Qb8 Rxc4 44. bxc4 Qe7+ 45. Ka4 f2 46. Qh8+ Kg5 47. Qg8+ Kxh5 48. Qh8+ Kg4 49. Qb2 f1=Q 50. Qg7+ 1-0


[Site "https://www.chess.com"]

[Event "Titled Tuesday Blitz April 11 Late 2023"]
[White "Papayan, Oleg"]
[Black "Nadj Hedjesi, Balind"]
[WhiteFideId "4193911"]
[BlackFideId "934003"]
[WhiteElo "2153"]
[BlackElo "2368"]
[Result "0-1"]
[Round "08"]
[TimeControl "180+2"]
[Date "2023.04.11"]
[WhiteClock "0:01:23"]
[BlackClock "0:00:08"]

1. e4 c5 2. Ne2 d6 3. d4 cxd4 4. Nxd4 Nf6 5. Nc3 Bd7 6. Bb5 Nc6 7. Bxc6 bxc6 8. O-O g6 9. e5 dxe5 10. Nb3 Bg7 11. Re1 Qc7 12. Nc5 O-O 13. Bg5 Rfd8 14. Qe2 h6 15. Bh4 Bf5 16. Bg3 Nd5 17. N3e4 Nf4 18. Bxf4 exf4 19. c3 g5 20. f3 e6 21. a4 a5 22. Rad1 Qb6 23. Qf2 Rxd1 24. Rxd1 Rd8 25. Rxd8+ Qxd8 26. Qd2 Qb6 27. Kf1 Bxe4 28. Nxe4 Bf8 29. h4 Be7 30. Qd7 Kf8 31. Qd2 f5 32. Nf2 Qe3 33. Qd7 Qc1+ 34. Nd1 Kf7 35. h5 g4 36. Qxc6 Qxd1+ 37. Kf2 g3# 0-1


[Site "https://www.chess.com"]

[Event "Titled Tuesday Blitz April 11 Late 2023"]
[White "Novikova, Galina"]
[Black "Melikhov, Evgeny V."]
[WhiteFideId "4157095"]
[BlackFideId "4122046"]
[WhiteElo "1953"]
[BlackElo "2158"]
[Result "0-1"]
[Round "08"]
[TimeControl "180+2"]
[Date "2023.04.11"]
[WhiteClock "0:00:53"]
[BlackClock "0:01:05"]

1. e4 c5 2. Nf3 d6 3. d4 cxd4 4. Nxd4 Nf6 5. Nc3 a6 6. h3 e6 7. g4 b5 8. Bg2 Bb7 9. g5 Nfd7 10. h4 b4 11. Nce2 Nc6 12. O-O Nxd4 13. Nxd4 Be7 14. f4 O-O 15. f5 e5 16. f6 exd4 17. fxe7 Qxe7 18. Qxd4 Nc5 19. Bf4 Rad8 20. Rae1 a5 21. h5 Ne6 22. Qd2 Nxf4 23. Qxf4 Qe5 24. b3 Qxf4 25. Rxf4 Rfe8 26. Kf2 Re5 27. Rf5 Rde8 28. Bf3 Rxf5 29. exf5 Rxe1 30. Bxb7 Re5 31. Bc8 Rc5 0-1


[Site "https://www.chess.com"]

[Event "Titled Tuesday Blitz April 11 Late 2023"]
[White "Garcia Cuenca, Victor"]
[Black "Winkels, Marcel"]
[WhiteFideId "2250829"]
[BlackFideId "1003887"]
[WhiteElo "2329"]
[BlackElo "1900"]
[Result "1-0"]
[Round "08"]
[TimeControl "180+2"]
[Date "2023.04.11"]
[WhiteClock "0:00:17"]
[BlackClock "0:00:05"]

1. Nf3 Nf6 2. g3 g6 3. Bg2 d5 4. O-O Bg7 5. b3 O-O 6. Bb2 c5 7. d4 cxd4 8. Nxd4 Nc6 9. Nxc6 bxc6 10. Nd2 Ba6 11. c4 Rc8 12. Qc2 Re8 13. Rad1 Qa5 14. e4 dxe4 15. Bc3 Qh5 16. Nxe4 Nxe4 17. Bxe4 Bxc3 18. Qxc3 c5 19. Qa5 Qe5 20. Rfe1 Qe6 21. Bb7 Bxb7 22. Rxe6 fxe6 23. Qxa7 Bf3 24. Re1 Bg4 25. Kg2 Ra8 26. Qxc5 Rxa2 27. h3 Bf5 28. g4 Bd3 29. Qe3 Bc2 30. Qxe6+ Kg7 31. Re3 Kh6 32. Qf7 Rd8 33. h4 Rh8 34. g5+ Kh5 35. Qf3+ Kxh4 36. Qf4+ 1-0


[Site "https://www.chess.com"]

[Event "Titled Tuesday Blitz April 11 Late 2023"]
[White "Kostiukov, Alexandr"]
[Black "Bilan, Danila"]
[WhiteFideId "14108100"]
[BlackFideId "24161918"]
[WhiteElo "2202"]
[BlackElo "2182"]
[Result "1-0"]
[Round "08"]
[TimeControl "180+2"]
[Date "2023.04.11"]
[WhiteClock "0:00:02"]
[BlackClock "0:00:01"]

1. g3 d5 2. Bg2 Nf6 3. d3 c5 4. e4 Nc6 5. exd5 Nxd5 6. Nc3 Nxc3 7. bxc3 g6 8. Ne2 Bg7 9. O-O O-O 10. a4 Bg4 11. a5 Bxc3 12. Ra3 Bxa5 13. Bh6 Bb4 14. Ra1 Re8 15. h3 Bxe2 16. Qxe2 Bc3 17. Ra3 Bd4 18. c3 Bf6 19. Rb1 Qc7 20. Bf4 e5 21. Be3 b6 22. Qf3 Re6 23. h4 Rd8 24. Rd1 Red6 25. Bf1 Bg7 26. Ra2 f5 27. Bg5 Bf6 28. Bxf6 Rxf6 29. Rad2 Rfd6 30. h5 Kg7 31. Qe3 Qe7 32. h6+ Kg8 33. d4 exd4 34. Bc4+ Kf8 35. Qf4 Qe5 36. Qg5 dxc3 37. Rxd6 Rxd6 38. Rc1 Ne7 39. Bf1 b5 40. Rc2 b4 41. Qc1 Nc6 42. Qa1 Nd4 43. Qxa7 Nxc2 44. Qxh7 Rd1 45. Qa7 Ke8 46. h7 Rxf1+ 47. Kxf1 Qe1+ 48. Kg2 Qe4+ 49. Kf1 Qh1+ 50. Ke2 Nd4+ 51. Kd3 Qf1+ 52. Ke3 Qe2+ 53. Kf4 Qe4+ 54. Kg5 Qg4+ 55. Kf6 Qh5 56. Kg7 Ne6+ 57. Kf6 Qg5+ 58. Kxe6 Qh6 59. Qe7# 1-0


[Site "https://www.chess.com"]

[Event "Titled Tuesday Blitz April 11 Late 2023"]
[White "Gonzalez Zamora, Juan Carlos"]
[Black "Gerbelli Neto, Eduardo"]
[WhiteFideId "3507548"]
[BlackFideId "2103281"]
[WhiteElo "2535"]
[BlackElo "2178"]
[Result "1-0"]
[Round "08"]
[TimeControl "180+2"]
[Date "2023.04.11"]
[WhiteClock "0:01:17"]
[BlackClock "0:00:29"]

1. e4 e5 2. Nf3 Nc6 3. Bb5 a6 4. Ba4 d6 5. c3 f5 6. d3 Be7 7. O-O Nf6 8. Re1 O-O 9. Bb3+ Kh8 10. Ng5 d5 11. exd5 Nxd5 12. Qh5 Bxg5 13. Bxg5 Nf6 14. Qe2 h6 15. Bxf6 Qxf6 16. Nd2 Bd7 17. Bd5 Rae8 18. Nc4 Qg6 19. f3 Be6 20. Bxc6 Bxc4 21. Bxe8 1-0


[Site "https://www.chess.com"]

[Event "Titled Tuesday Blitz April 11 Late 2023"]
[White "Sariego Figueredo, Wilfredo"]
[Black "Harriott, Tyrell"]
[WhiteFideId "3500080"]
[BlackFideId "2086484"]
[WhiteElo "2309"]
[BlackElo "2107"]
[Result "0-1"]
[Round "08"]
[TimeControl "180+2"]
[Date "2023.04.11"]
[WhiteClock "0:00:45"]
[BlackClock "0:00:36"]

1. d4 e6 2. Bf4 d5 3. e3 Bd6 4. Bg3 Ne7 5. Nf3 O-O 6. Bd3 f5 7. Nbd2 Ng6 8. O-O f4 9. exf4 Nxf4 10. Bxf4 Bxf4 11. Re1 Nc6 12. c3 Qf6 13. h3 Bd7 14. Qe2 Rae8 15. Ne5 Bxe5 16. dxe5 Qh6 17. Nf3 Ne7 18. Qe3 Qh5 19. Qxa7 Rxf3 20. gxf3 Qxf3 21. Re3 Qf4 22. Qxb7 d4 23. cxd4 Nd5 24. Re4 Qf3 25. Qb3 Bc6 26. Rg4 Qxh3 27. Bxh7+ Qxh7 28. Qg3 Re7 29. Rc1 Nf4 30. Kf1 Qh1+ 31. Qg1 Bb5+ 32. Ke1 Qe4+ 33. Kd1 Qe2# 0-1


[Site "https://www.chess.com"]

[Event "Titled Tuesday Blitz April 11 Late 2023"]
[White "Sailer, Mike"]
[Black "Marcziter, Dmitrii"]
[WhiteFideId "2012901"]
[BlackFideId "13900765"]
[WhiteElo "2109"]
[BlackElo "2162"]
[Result "1-0"]
[Round "08"]
[TimeControl "180+2"]
[Date "2023.04.11"]
[WhiteClock "0:00:30"]
[BlackClock "0:00:36"]

1. d4 Nf6 2. Bg5 Ne4 3. Bf4 d5 4. f3 Nf6 5. Nc3 c5 6. e4 dxe4 7. Bb5+ Bd7 8. d5 exf3 9. Nxf3 Bxb5 10. Nxb5 Qa5+ 11. Nc3 g6 12. d6 e6 13. Ne5 Nbd7 14. Bg5 Bg7 15. Bxf6 Bxf6 16. Nxd7 Kxd7 17. O-O Bd4+ 18. Kh1 f5 19. Ne2 Be5 20. c3 Rad8 21. b4 Qb6 22. Qa4+ Kc8 23. bxc5 Qxc5 24. Nd4 Bxd4 25. cxd4 Qb6 26. Rab1 Qxd6 27. Qxa7 Qd5 28. Rfc1+ Kd7 29. Rxb7+ Ke8 30. Re7+ Kf8 31. Rf7+ Kg8 32. Rg7+ 1-0


[Site "https://www.chess.com"]

[Event "Titled Tuesday Blitz April 11 Late 2023"]
[White "Ward, Ieuan C"]
[Black "Barria Santos, Jose Guilherme"]
[WhiteFideId "406627"]
[BlackFideId "1939300"]
[WhiteElo "2028"]
[BlackElo "2266"]
[Result "0-1"]
[Round "08"]
[TimeControl "180+2"]
[Date "2023.04.11"]
[WhiteClock "0:01:04"]
[BlackClock "0:01:01"]

1. e4 c6 2. d4 d5 3. Nc3 dxe4 4. Nxe4 Nf6 5. Nxf6+ exf6 6. Nf3 Bd6 7. Be2 O-O 8. O-O Bf5 9. c4 Qc7 10. Be3 Nd7 11. h3 Rfe8 12. Qd2 a5 13. Rfe1 Bb4 14. Qd1 Bxe1 15. Qxe1 b6 16. Rc1 c5 17. d5 Ne5 18. Qd2 Qd6 19. Bf4 Re7 20. Kh1 Rae8 21. Qc3 Qd7 22. Nxe5 fxe5 23. Bg5 f6 24. Bh4 Be4 25. Rd1 Qf5 26. Bg4 Qg6 27. d6 Rf7 28. d7 Rd8 29. f3 Bf5 30. Qb3 Bxg4 31. fxg4 Rfxd7 32. Rxd7 Rxd7 33. Qb4 cxb4 0-1


[Site "https://www.chess.com"]

[Event "Titled Tuesday Blitz April 11 Late 2023"]
[White "Hartikainen, Jarmo"]
[Black "Smith, Garrett L"]
[WhiteFideId "503134"]
[BlackFideId "2024829"]
[WhiteElo "2108"]
[BlackElo "2047"]
[Result "0-1"]
[Round "08"]
[TimeControl "180+2"]
[Date "2023.04.11"]
[WhiteClock "0:00:07"]
[BlackClock "0:01:46"]

1. e4 c5 2. c3 d5 3. exd5 Qxd5 4. d4 Nc6 5. Nf3 Bf5 6. Na3 cxd4 7. Nb5 O-O-O 8. cxd4 e5 9. Qa4 Bb4+ 10. Bd2 Bxd2+ 11. Nxd2 a6 12. Nc3 Qxd4 13. Qxd4 exd4 14. Nce4 Re8 15. Bd3 Nb4 16. Bb1 Bxe4 17. Nxe4 f5 18. O-O fxe4 19. a3 Nc6 20. b4 Nf6 21. a4 d3 22. b5 axb5 23. axb5 Nd4 24. b6 Kd7 25. Ba2 Ra8 26. Bc4 Rxa1 27. Rxa1 Rc8 0-1


[Site "https://www.chess.com"]